PAA
NUEVO MEXICO MARIACHIS @ WESTWOOD SIXSHOOTERS
06/19/2042
 
TOP OF THE 1ST
Nuevo Mexico Mariachis batting - Pitching for Westwood Sixshooters : RHP Raúl Reyes
Pitching: RHP Raúl Reyes
Batting: LHB Justice Bigbie 0-0: Called Strike
0-1: Ball
1-1: Ball
2-1: Swinging Strike
2-2: Ball
3-2: DOUBLE (Line Drive, 78D, EV 103.1 MPH)
Batting: LHB Greg Rogers 0-0: Called Strike
0-1: Ball
1-1: Ball
2-1: Foul Ball, location: 2F
2-2: Ball
3-2: Foul Ball, location: 2F
3-2: Strikes out looking
Batting: LHB Gustavo Zamora 0-0: Ground out 4-3 (Groundball, 4, EV 88.8 MPH)
Justice Bigbie to third
Batting: LHB Albert Porter 0-0: Ball
1-0: Ball
2-0: Called Strike
2-1: SINGLE (Flyball, 89S, EV 85.0 MPH)
Justice Bigbie scores
Batting: RHB Pedro Santos 0-0: Ball
1-0: Ball
2-0: Called Strike
2-1: Foul Ball, location: 2F
2-2: Foul Ball, location: 2F
2-2: Ball
3-2: Foul Ball, location: 2F
3-2: SINGLE (Groundball, 4M, EV 100.6 MPH)
Albert Porter to second
Albert Porter to third
Batting: RHB Esteban Rojas 0-0: Ball
1-0: Foul Ball, location: 2F
1-1: Ball
2-1: Fielders Choice at 2nd, 6-4 (Groundball, 6, EV 85.6 MPH)
Top of the 1st over - 1 run, 3 hits, 0 errors, 2 left on base; Nuevo Mexico 1 - Westwood 0
BOTTOM OF THE 1ST
Westwood Sixshooters batting - Pitching for Nuevo Mexico Mariachis : RHP Sean Murphy
Pitching: RHP Sean Murphy
Batting: LHB Derek Kelly 0-0: Ball
1-0: Called Strike
1-1: Fly out, F7 (Flyball, 7, EV 86.2 MPH)
Batting: SHB William Anderson 0-0: Called Strike
0-1: Swinging Strike
0-2: Ball
1-2: Ball
2-2: Foul Ball, location: 2F
2-2: Ball
3-2: Foul Ball, location: 2F
3-2: DOUBLE (Flyball, 78D, EV 89.4 MPH)
Batting: RHB Illarion Podmarkov 0-0: Called Strike
0-1: Ball
1-1: Foul Ball, location: 2F
1-2: Strikes out looking
Batting: LHB Rick Kirkham 0-0: Called Strike
0-1: Ball
1-1: Ground out 4-3 (Groundball, 4, EV 85.6 MPH)
Bottom of the 1st over - 0 runs, 1 hit, 0 errors, 1 left on base; Nuevo Mexico 1 - Westwood 0
TOP OF THE 2ND
Nuevo Mexico Mariachis batting - Pitching for Westwood Sixshooters : RHP Raúl Reyes
Batting: LHB Ryutaro Watanabe 0-0: Swinging Strike
0-1: Ball
1-1: Swinging Strike
1-2: Ball
2-2: Ball
3-2: Foul Ball, location: 2F
3-2: Strikes out looking
Batting: RHB Luis Gamboa 0-0: Foul Ball, location: 2F
0-1: SINGLE (Groundball, 34D, EV 100.6 MPH)
Batting: RHB John Montgomery 0-0: Fly out, F8 (Flyball, 8RD, EV 86.9 MPH)
Batting: LHB Justice Bigbie 0-0: Ball
1-0: Foul Ball, location: 2F
1-1: Foul Ball, location: 2F
1-2: Foul Ball, location: 2F
1-2: Strikes out swinging
Top of the 2nd over - 0 runs, 1 hit, 0 errors, 1 left on base; Nuevo Mexico 1 - Westwood 0
BOTTOM OF THE 2ND
Westwood Sixshooters batting - Pitching for Nuevo Mexico Mariachis : RHP Sean Murphy
Batting: LHB Luis Benítez 0-0: Ball
1-0: Called Strike
1-1: Foul Ball, location: 2F
1-2: Ball
2-2: Ball
3-2: Foul Ball, location: 2F
3-2: SINGLE (Line Drive, 89M, EV 95.0 MPH)
Batting: RHB Slavik Akentiev 0-0: Ball
1-0: Fly out, F8 (Flyball, 8LM, EV 83.8 MPH)
Batting: RHB John Siddall 0-0: Ball
1-0: Foul Ball, location: 2F
1-1: Ground out 6-3 (Groundball, 6M, EV 91.9 MPH)
Luis Benítez to second
Batting: RHB Hisashi Koumura 0-0: Ground out 6-3 (Groundball, 6, EV 103.1 MPH)
Bottom of the 2nd over - 0 runs, 1 hit, 0 errors, 1 left on base; Nuevo Mexico 1 - Westwood 0
TOP OF THE 3RD
Nuevo Mexico Mariachis batting - Pitching for Westwood Sixshooters : RHP Raúl Reyes
Batting: LHB Greg Rogers 0-0: Ball
1-0: Foul Ball, location: 2F
1-1: Ball
2-1: Foul Ball, location: 2F
2-2: Foul Ball, location: 2F
2-2: Foul Ball, location: 2F
2-2: Reached on error, E4 (Groundball, 34, EV 90.0 MPH)
Batting: LHB Gustavo Zamora 0-0: Foul Ball, location: 2F
0-1: Fly out, F8 (Flyball, 8RM, EV 91.2 MPH)
Batting: LHB Albert Porter 0-0: Fly out, F9 (Flyball, 9LS, EV 91.2 MPH)
Batting: RHB Pedro Santos 0-0: Fly out, F9 (Flyball, 9D, EV 84.4 MPH)
Top of the 3rd over - 0 runs, 0 hits, 1 error, 1 left on base; Nuevo Mexico 1 - Westwood 0
BOTTOM OF THE 3RD
Westwood Sixshooters batting - Pitching for Nuevo Mexico Mariachis : RHP Sean Murphy
Batting: RHB Patrick Rivera 0-0: Fly out, F7 (Flyball, 7LSF, EV 92.5 MPH)
Batting: LHB Derek Kelly 0-0: Swinging Strike
0-1: Ball
1-1: Ball
2-1: Ground out 6-3 (Groundball, 6, EV 106.2 MPH)
Batting: SHB William Anderson 0-0: Ball
1-0: Foul Ball, location: 2F
1-1: SOLO HOME RUN (Flyball, 9LD, EV 113.8 MPH), Distance : 347 ft
Batting: RHB Illarion Podmarkov 0-0: Swinging Strike
0-1: Ball
1-1: Fly out, F7 (Flyball, 7S, EV 80.0 MPH)
Bottom of the 3rd over - 1 run, 1 hit, 0 errors, 0 left on base; Nuevo Mexico 1 - Westwood 1
TOP OF THE 4TH
Nuevo Mexico Mariachis batting - Pitching for Westwood Sixshooters : RHP Raúl Reyes
Batting: RHB Esteban Rojas 0-0: Foul Ball, location: 2F
0-1: Fly out, F8 (Flyball, 8LS, EV 86.9 MPH)
Batting: LHB Ryutaro Watanabe 0-0: Ground out 1-3 (Groundball, 15S, EV 63.8 MPH)
Batting: RHB Luis Gamboa 0-0: Ball
1-0: Ball
2-0: Called Strike
2-1: Fly out, F9 (Flyball, 89M, EV 88.8 MPH)
Top of the 4th over - 0 runs, 0 hits, 0 errors, 0 left on base; Nuevo Mexico 1 - Westwood 1
BOTTOM OF THE 4TH
Westwood Sixshooters batting - Pitching for Nuevo Mexico Mariachis : RHP Sean Murphy
Batting: LHB Rick Kirkham 0-0: Called Strike
0-1: Ball
1-1: SINGLE (Line Drive, 8RS, EV 102.5 MPH)
Batting: LHB Luis Benítez 0-0: Called Strike
0-1: Ball
1-1: Foul Ball, location: 2F
1-2: Fielders Choice at 2nd, 6-4 (Groundball, 6, EV 82.5 MPH)
Batting: RHB Slavik Akentiev 0-0: Ball
1-0: Called Strike
1-1: Ball
2-1: Foul Ball, location: 2F
2-2: Foul Ball, location: 2F
2-2: Fly out, F9 (Flyball, 9D, EV 101.2 MPH)
Batting: RHB John Siddall 0-0: Ball
1-0: Ball
2-0: Called Strike
2-1: SINGLE (Groundball, 34D, EV 96.2 MPH)
Luis Benítez to second
Runner from 2nd tries for 3rd, SAFE, no throw by RF
Batting: RHB Hisashi Koumura 0-0: Called Strike
0-1: Ground out 3-1 (Groundball, 3S, EV 67.5 MPH)
Bottom of the 4th over - 0 runs, 2 hits, 0 errors, 2 left on base; Nuevo Mexico 1 - Westwood 1
TOP OF THE 5TH
Nuevo Mexico Mariachis batting - Pitching for Westwood Sixshooters : RHP Raúl Reyes
Batting: RHB John Montgomery 0-0: Foul Ball, location: 2F
0-1: Fly out, F1 (Line Drive, P, EV 68.1 MPH)
Batting: LHB Justice Bigbie 0-0: SINGLE (Flyball, 7LS, EV 94.4 MPH)
Batting: LHB Greg Rogers 0-0: Called Strike
0-1: Fly out, F8 (Line Drive, 8LM, EV 89.4 MPH)
Batting: LHB Gustavo Zamora 0-0: Ball
Justice Bigbie steals 2nd, throwing error, E2
Justice Bigbie to third
1-0: Ball
Passed Ball!
Justice Bigbie scores
2-0: Foul Ball, location: 2F
2-1: Ball
3-1: Called Strike
3-2: Fly out, F7 (Flyball, 78S, EV 87.5 MPH)
Top of the 5th over - 1 run, 1 hit, 1 error, 0 left on base; Nuevo Mexico 2 - Westwood 1
BOTTOM OF THE 5TH
Westwood Sixshooters batting - Pitching for Nuevo Mexico Mariachis : RHP Sean Murphy
Batting: RHB Patrick Rivera 0-0: Ball
1-0: Ball
2-0: Called Strike
2-1: Ball
3-1: Called Strike
3-2: Foul Ball, location: 2F
3-2: Fly out, F9 (Flyball, 9, EV 91.2 MPH)
Pitching: LHP Ashley Blamey
Batting: LHB Derek Kelly 0-0: Foul Ball, location: 2F
0-1: Ball
1-1: Swinging Strike
1-2: Ball
2-2: Foul Ball, location: 2F
2-2: Foul Ball, location: 2F
2-2: Strikes out swinging
Batting: SHB William Anderson 0-0: Foul Ball, location: 2F
0-1: Ball
1-1: Foul Ball, location: 2F
1-2: Ball
2-2: Ball
3-2: Foul Ball, location: 2F
3-2: Fly out, F6 (Popup, 6M, EV 70.0 MPH)
Bottom of the 5th over - 0 runs, 0 hits, 0 errors, 0 left on base; Nuevo Mexico 2 - Westwood 1
TOP OF THE 6TH
Nuevo Mexico Mariachis batting - Pitching for Westwood Sixshooters : RHP Raúl Reyes
Pitching: RHP Júlio Rosales
Batting: LHB Albert Porter 0-0: Ball
1-0: Ball
2-0: Called Strike
2-1: Called Strike
2-2: Fly out, F7 (Flyball, 7S, EV 85.6 MPH)
Batting: RHB Pedro Santos 0-0: Ball
1-0: Called Strike
1-1: Ball
2-1: Foul Ball, location: 2F
2-2: Foul Ball, location: 2F
2-2: Foul Ball, location: 2F
2-2: Ground out 4-3 (Groundball, 34, EV 106.2 MPH)
Batting: RHB Esteban Rojas 0-0: Called Strike
0-1: Reached on error, E5 (Groundball, 56, EV 93.1 MPH)
Batting: LHB Ryutaro Watanabe 0-0: Ball
1-0: Called Strike
1-1: Swinging Strike
1-2: Foul Ball, location: 2F
1-2: Strikes out looking
Top of the 6th over - 0 runs, 0 hits, 1 error, 1 left on base; Nuevo Mexico 2 - Westwood 1
BOTTOM OF THE 6TH
Westwood Sixshooters batting - Pitching for Nuevo Mexico Mariachis : LHP Ashley Blamey
Batting: RHB Illarion Podmarkov 0-0: Ball
1-0: Fly out, F6 (Popup, 6, EV 63.8 MPH)
Batting: LHB Rick Kirkham 0-0: Ball
1-0: Fly out, F4 (Line Drive, 4, EV 71.2 MPH)
Batting: LHB Luis Benítez 0-0: Ball
1-0: Ball
2-0: Ball
3-0: Base on Balls
Batting: RHB Slavik Akentiev 0-0: Swinging Strike
0-1: Ball
Passed Ball!
Luis Benítez to second
1-1: Ball
2-1: Foul Ball, location: 2F
2-2: Reached on error, E2 (Groundball, 2L, EV 68.1 MPH)
Luis Benítez scores
Batting: RHB John Siddall 0-0: Foul Ball, location: 2F
0-1: Swinging Strike
0-2: Ball
1-2: Ball
2-2: Ball
3-2: Base on Balls
Batting: RHB Hisashi Koumura 0-0: Foul Ball, location: 2F
0-1: Foul Ball, location: 2F
0-2: Ball
1-2: Foul Ball, location: 2F
1-2: Ball
2-2: Ball
3-2: Strikes out swinging
Bottom of the 6th over - 1 run, 0 hits, 1 error, 2 left on base; Nuevo Mexico 2 - Westwood 2
TOP OF THE 7TH
Nuevo Mexico Mariachis batting - Pitching for Westwood Sixshooters : RHP Júlio Rosales
Batting: RHB Luis Gamboa 0-0: Ball
1-0: Ball
2-0: Ball
3-0: Called Strike
3-1: Ground out 5-3 (Groundball, 5, EV 108.8 MPH)
Batting: RHB John Montgomery 0-0: Ball
1-0: SINGLE (Flyball, 8LS, EV 90.6 MPH)
Batting: LHB Justice Bigbie 0-0: Ball
Wild Pitch!
John Montgomery to second
1-0: Ground out U3 (Groundball, 3S, EV 81.9 MPH)
John Montgomery to third
Batting: LHB Greg Rogers 0-0: Called Strike
0-1: Ball
1-1: Swinging Strike
1-2: Foul Ball, location: 2F
1-2: Foul Ball, location: 2F
1-2: Ground out 5-3 (Groundball, 56S, EV 81.9 MPH)
Top of the 7th over - 0 runs, 1 hit, 0 errors, 1 left on base; Nuevo Mexico 2 - Westwood 2
BOTTOM OF THE 7TH
Westwood Sixshooters batting - Pitching for Nuevo Mexico Mariachis : LHP Ashley Blamey
Batting: RHB Patrick Rivera 0-0: Foul Ball, location: 2F
0-1: Ball
1-1: Foul Ball, location: 2F
1-2: Foul Ball, location: 2F
1-2: Ball
2-2: Ball
3-2: Foul Ball, location: 2F
3-2: Ground out 5-3 (Groundball, 5, EV 85.6 MPH)
Batting: LHB Derek Kelly 0-0: Foul Ball, location: 2F
0-1: Foul Ball, location: 2F
0-2: Ball
1-2: Foul Ball, location: 2F
1-2: Ground out 6-3 (Groundball, 6, EV 107.5 MPH)
Batting: SHB William Anderson 0-0: Called Strike
0-1: Foul Ball, location: 2F
0-2: Ball
1-2: Ball
2-2: Fly out, F9 (Flyball, 9LSF, EV 91.2 MPH)
Bottom of the 7th over - 0 runs, 0 hits, 0 errors, 0 left on base; Nuevo Mexico 2 - Westwood 2
TOP OF THE 8TH
Nuevo Mexico Mariachis batting - Pitching for Westwood Sixshooters : RHP Júlio Rosales
Batting: LHB Gustavo Zamora 0-0: Called Strike
0-1: Ball
1-1: Ball
2-1: Swinging Strike
2-2: Ball
3-2: Foul Ball, location: 2F
3-2: Foul Ball, location: 2F
3-2: Strikes out swinging
Pitching: RHP Koswara Setiadji
Batting: LHB Albert Porter 0-0: Called Strike
0-1: Swinging Strike
0-2: Ball
1-2: SOLO HOME RUN (Flyball, 9LD, EV 103.1 MPH), Distance : 350 ft
Batting: RHB Pedro Santos 0-0: Ball
1-0: Called Strike
1-1: Ball
2-1: Swinging Strike
2-2: Strikes out swinging
Batting: RHB Esteban Rojas 0-0: Ball
1-0: Ground out 1-3 (Groundball, 13S, EV 64.4 MPH)
Top of the 8th over - 1 run, 1 hit, 0 errors, 0 left on base; Nuevo Mexico 3 - Westwood 2
BOTTOM OF THE 8TH
Westwood Sixshooters batting - Pitching for Nuevo Mexico Mariachis : LHP Ashley Blamey
Batting: RHB Illarion Podmarkov 0-0: Ball
1-0: Called Strike
1-1: SINGLE (Line Drive, 8LS, EV 103.8 MPH)
Pitching: RHP Ron Gray
Batting: LHB Rick Kirkham 0-0: Swinging Strike
0-1: Ball
1-1: Fly out, F8 (Flyball, 8LS, EV 90.0 MPH)
Batting: LHB Luis Benítez 0-0: Ball
1-0: Ball
2-0: Ball
3-0: Base on Balls
Illarion Podmarkov to second
Pinch Hitting: LHB Allan Colston 0-0: Fielders Choice at 2nd, 4-6 (Groundball, 4, EV 85.6 MPH)
Illarion Podmarkov to third
Batting: RHB John Siddall 0-0: Ground out 4-3 (Groundball, 4, EV 108.1 MPH)
Bottom of the 8th over - 0 runs, 1 hit, 0 errors, 2 left on base; Nuevo Mexico 3 - Westwood 2
TOP OF THE 9TH
Nuevo Mexico Mariachis batting - Pitching for Westwood Sixshooters : RHP Koswara Setiadji
Now at SS: Sterling Massingham
Batting: LHB Ryutaro Watanabe 0-0: Ball
1-0: Ball
2-0: Called Strike
2-1: Foul Ball, location: 2F
2-2: Ball
3-2: Base on Balls
Pitching: RHP Tynan Brown
Batting: RHB Luis Gamboa 0-0: Ball
1-0: Grounds into double play, 5-4-3 (Groundball, 5, EV 95.0 MPH)
Batting: RHB John Montgomery 0-0: Ball
1-0: Ball
2-0: Called Strike
2-1: Foul Ball, location: 2F
2-2: Ball
3-2: Base on Balls
Batting: LHB Justice Bigbie 0-0: Foul Ball, location: 2F
0-1: SINGLE (Groundball, 4MD, EV 93.8 MPH)
John Montgomery to second
Batting: LHB Greg Rogers 0-0: Swinging Strike
0-1: Ball
1-1: Ball
2-1: Ground out 4-3 (Groundball, 34, EV 91.2 MPH)
Top of the 9th over - 0 runs, 1 hit, 0 errors, 2 left on base; Nuevo Mexico 3 - Westwood 2
BOTTOM OF THE 9TH
Westwood Sixshooters batting - Pitching for Nuevo Mexico Mariachis : RHP Ron Gray
Pitching: LHP Nick Ramey
Now in CF: Lucky Foote
Pinch Hitting: RHB Juan Sierra 0-0: Ball
1-0: Ball
2-0: Ball
3-0: Called Strike
3-1: Base on Balls
Batting: RHB Patrick Rivera 0-0: Ball
1-0: Swinging Strike
1-1: Ball
2-1: Foul Ball, location: 2F
2-2: Ball
3-2: Grounds into double play, 4-6-3 (Groundball, 34, EV 86.9 MPH)
Pinch Hitting: RHB Ricardo Urquijo 0-0: Ball
1-0: Called Strike
1-1: Ball
2-1: Foul Ball, location: 2F
2-2: Strikes out looking
Bottom of the 9th over - 0 runs, 0 hits, 0 errors, 0 left on base; Nuevo Mexico 3 - Westwood 2
Friday, March 26th, 2021 - OOTP Baseball 20.8 Build 74